 Dungeon Crawl Stone Soup version 0.29-a0-88-g03a7b78be7 (webtiles) character file.

Game seed: 15839943724555738769

216 dmks the Firebug (level 5, -6/38 HPs)
             Began as a Draconian Fire Elementalist on Feb 5, 2022.
             Killed by divine providence
             ... invoked by an orc priest
              (14 damage)
             ... on level 3 of the Dungeon.
             The game lasted 00:04:16 (3465 turns).

dmks the Firebug (Draconian Fire Elementalist)      Turns: 3465, Time: 00:04:17

Health: -6/38      AC:  7    Str: 16    XL:     5   Next: 61%
Magic:  6/18       EV: 12    Int: 17    God:
Gold:   126        SH:  0    Dex: 12    Spells: 6/9 levels left

rFire   + . .      SeeInvis .   (no weapon)
rCold   + . .      Faith    .   (no shield)
rNeg    . . .      Spirit   .   (armour unavailable)
rPois   .          Reflect  .   (helmet restricted)
rElec   .          Harm     .   h - scarf {rC+ rF+}
rCorr   .          Rampage  .   i - +0 pair of gloves
Will    .....                   d - +0 pair of boots
Stlth   ++........              (no amulet)
HPRegen 0.12/turn               c - ring of magical power
MPRegen 0.16/turn               g - +6 ring of strength

@: very slightly contaminated
A: AC +5, unfitting armour, cold-blooded
a: no special abilities


You were on level 3 of the Dungeon.
You visited 1 branch of the dungeon, and saw 3 of its levels.

You collected 126 gold pieces.

Inventory:

Armour
 d - a +0 pair of boots (worn)
   (You found it on level 1 of the Dungeon)
 h - a scarf of resistance (worn)
   (You found it on level 2 of the Dungeon)
 i - a +0 pair of gloves (worn)
   (You found it on level 2 of the Dungeon)
Jewellery
 c - a ring of magical power (left hand)
   (You found it on level 1 of the Dungeon)
 g - a +6 ring of strength (right hand)
   (You found it on level 2 of the Dungeon)
Scrolls
 b - a scroll of torment {unknown}
 e - a scroll of identify {unknown}
Potions
 a - 2 potions of flight {unknown}
 f - a potion of curing {@q1}
 j - a potion of lignification {unknown}


   Skills:
 - Level 1.7 Dodging
 - Level 1.7 Stealth
 + Level 2.9 Spellcasting
 * Level 3.6 Conjurations
 * Level 4.6 Fire Magic


You had 6 spell levels left.
You knew the following spells:

 Your Spells              Type           Power      Damage    Failure   Level
a - Foxfire               Conj/Fire      64%        2x1d7     3%          1
b - Scorch                Fire           36%        2d6       4%          2

Your spell library contained the following spells:

 Spells                   Type           Power      Damage    Failure   Level
 Conjure Flame            Conj/Fire      16%        6-21      10%         3
 Inner Flame              Hex/Fire       10%        N/A       21%         3
 Flame Wave               Conj/Fire      16%        2d6       32%         4


Dungeon Overview and Level Annotations

Branches:
Dungeon (3/15)

Altars:

Annotations:
D:2 Sigmund


Innate Abilities, Weirdness & Mutations

Your plain brown scales are hard. (AC +5)
You cannot fit into any form of body armour.
You are cold-blooded and may be slowed by cold attacks.


Message History

The foxfire hits the orc priest.
An orc comes into view. It is wielding a +0 hand axe.
The orc priest mumbles some strange prayers to Beogh against you.
Beogh smites you!
You hear a shout!
You conjure some foxfire!
The foxfire hits the orc priest!
The orc priest mumbles some strange prayers to Beogh against you.
You barely resist.
You conjure some foxfire!
The foxfire hits the orc priest.
You kill the orc priest!
The orc priest mumbles some strange prayers to Beogh against you.
Pain shoots through your body!
* * * LOW HITPOINT WARNING * * *
You conjure some foxfire!
The foxfire hits the orc priest.
You conjure some foxfire!
The foxfire hits the orc priest but does no damage.
You conjure some foxfire!
The orc priest hits you but does no damage.
The orc priest hits you with a +0 whip.
* * * LOW HITPOINT WARNING * * *
Unknown command.
Flames lash the orc priest.
The orc priest's fire resistance burns away.
The orc priest barely misses you.
The orc priest looks braver for a moment.
You miscast Scorch.
You are very lightly contaminated with residual magic.
Nothing appears to happen.
The orc priest hits you with a +0 whip.
* * * LOW HITPOINT WARNING * * *
Flames lash the orc.
You kill the orc!
The orc priest is no longer more vulnerable to fire.
The orc priest hits you but does no damage.
The orc priest misses you.
Flames lash the orc priest but do no damage.
The orc priest looks encouraged for a moment.
The orc priest mumbles some strange prayers to Beogh against you.
Beogh smites you!
* * * LOW HITPOINT WARNING * * *
It was a potion of curing.
You feel better. The orc priest hits you with a +0 whip.
* * * LOW HITPOINT WARNING * * *
Flames lash the orc priest.
The orc priest's fire resistance burns away.
The orc priest mumbles some strange prayers to Beogh against you.
Beogh smites you!
You die...

#.# #......#.. #.#
#.###...# #)#
#.##...## #.#
#.###.##.#### #.#
#............ #.#
#####.##.####
#)#.######.##.#
#o#........##.####
#@########........
#.# #########
#.######## #
#........# #
########.# # #.# #
#.# #.# #.#


You could see an orc priest (combustible).

Vanquished Creatures
  A hound (D:2)
  An orc priest (D:3)
  Jessica (D:2)
  An orc wizard (D:3)
  Terence (D:2)
  2 adders
  A worm (D:1)
  5 orcs (D:3)
  4 ball pythons
  8 bats
  7 endoplasms
  2 giant cockroaches (D:1)
  6 goblins
  3 hobgoblins
  2 jackals (D:3)
  4 kobolds
  2 quokkas
  2 frilled lizards (D:1)
  5 rats
58 creatures vanquished.

Vanquished Creatures (collateral kills)
  15 foxfires (D:2)
15 creatures vanquished.

Vanquished Creatures (others)
  287 foxfires
  30 plants (D:2)
317 creatures vanquished.

Grand Total: 390 creatures vanquished

Notes
Turn   | Place    | Note
-------+----------+-------------------------------------------
     0 | D:1      | dmks the Draconian Fire Elementalist began the quest for
                  | the Orb.
     0 | D:1      | Reached XP level 1. HP: 14/14 MP: 3/3
   690 | D:1      | Reached XP level 2. HP: 20/20 MP: 5/5
  1544 | D:1      | Reached XP level 3. HP: 5/26 MP: 6/6
  2067 | D:2      | Noticed Jessica
  2071 | D:2      | Killed Jessica
  2072 | D:2      | Reached XP level 4. HP: 33/33 MP: 7/7
  2239 | D:2      | Reached skill level 4 in Fire Magic
  2399 | D:2      | Noticed Terence
  2438 | D:2      | Killed Terence
  2809 | D:2      | Noticed Sigmund
  2931 | D:3      | Reached XP level 5. HP: 38/38 MP: 9/9
  3435 | D:3      | Learned a level 2 spell: Scorch
  3465 | D:3      | Killed from afar by an orc priest

Illustrated notes

Levels and vault maps discovered:
D:1:      zaba_arrival_water, layout_loops_corners
D:2:      layout_rooms, serial_bayou, serial_bayou_pond_e,
          serial_bayou_lagoon_a, serial_bayou_pond_a, serial_bayou_pond_c,
          kennysheep_nondescript, serial_bayou_pond_c, minmay_tripent,
          uniq_terence, uniq_sigmund, uniq_jessica
D:3:      layout_loops_ring, feat_on_display

Skill      XL: |  1  2  3  4 |
---------------+-------------+-----
Conjurations   | 2 3 |  3.6
Fire Magic     | 4 |  4.6
Dodging        | |  1.7
Stealth        | |  1.7
Spellcasting   | |  2.9

Action                   |  1- 3 |  4- 6 || total
-------------------------+-------+-------++-------
Melee: Unarmed           |       |     1 ||     1
 Cast: Foxfire           |    85 |   102 ||   187
       Scorch            |       |     4 ||     4
  Use: Potion            |       |     1 ||     1
Armor: Skin              |    16 |    19 ||    35
Dodge: Dodged            |    39 |    21 ||    60

Table legend: (Time is in decaauts)
 A = Elapsed time spent in this place.
 B = Non-inter-level travel time spent in this place.
 C = Inter-level travel time spent in this place.
 D = Time resting spent in this place.
 E = Time spent auto-exploring this place.
 F = Levels seen in this place.
 G = Mean time per level.
                   A        B        C        D        E       F      G
               +--------+--------+--------+--------+--------+-----+--------+
         Total |   3480 |   3451 |     29 |    382 |   2401 |   3 | 1160.0 |
       Dungeon |   3480 |   3451 |     29 |    382 |   2401 |   3 | 1160.0 |
               +--------+--------+--------+--------+--------+-----+--------+

Top non-repeatable levels by time:
     D:1: 1924 daAuts
     D:2: 957 daAuts
     D:3: 598 daAuts
